AoeStats
← CrazyBen

Black Forest

507493449Analyzed
4v4 RM · 14d ago on Sep 18, 2026· 9m 50s· 8 players
Game mode
Random Map
Map size
Large (8 player)
Population
200
Speed
Normal
Resources
Standard
Victory
Conquest
Starting age
Dark Age
Ending age
Imperial Age
RankedLock teamsTeams togetherTeam positionsShared explorationLock speedFull tech treeHidden civsTurbo modeCheats
Victory
Defeat
🇦🇺 Malians · Australia
1579
+16
🇹🇼 Malay · Taiwan
1520
+19
🇨🇳 Inca · China
1499
+20
🇨🇳 Bulgarians · China
1497
+20
🇫🇮 Wei · Finland
1654
-22
🇨🇦 Hindustanis · Canada
1591
-19
🇹🇷 Burgundians · Türkiye
1588
-19
🇫🇷 Maya · France
1496
-15
mRmaxime
0:51 Loom
m1gzu
0:45 Loom
CrazyBen
0:33 Loom
Allison
5:29 Double-Bit Axe
8:55 Horse Collar
Boar
7:40 Loom
11:01 Feudal Age
Mau5
8:17 Loom
11:02 Feudal Age
yclin124
1:12 Loom
knife
10:33 Feudal Age
Connection lost

Rejoining the realm…

Still unreachable

The connection could not be restored.

Session expired

The server has moved on; the page needs a fresh start.